[Event "Titled Tuesday Blitz February 15 Early 2022"]
[White "Ozdemir, Serhan Berat"]
[Black "Svane, Frederik"]
[WhiteFideId "6374611"]
[BlackFideId "12923044"]
[WhiteElo "1920"]
[BlackElo "2459"]
[Result "0-1"]
[Round "02"]
[TimeControl "180+1"]
[Date "2022.02.15"]
[WhiteClock "0:00:01"]
[BlackClock "0:00:49"]

1. e4 c5 2. Nf3 d6 3. d4 cxd4 4. Nxd4 Nf6 5. Nc3 Nc6 6. f3 e5 7. Nb3 Be7 8. Be3 O-O 9. Qd2 Be6 10. O-O-O a5 11. Bb5 Na7 12. Bxa7 Rxa7 13. Qe3 Ra8 14. Kb1 Qc7 15. g4 Rfd8 16. g5 Nh5 17. a4 Nf4 18. h4 d5 19. exd5 Nxd5 20. Nxd5 Bxd5 21. h5 Rac8 22. Bd3 b5 23. axb5 a4 24. Nc1 a3 25. g6 axb2 26. Nb3 Bxb3 27. cxb3 Qa5 28. gxf7+ Kh8 29. Kxb2 Qc3+ 0-1


[Site "https://www.chess.com"]

[Event "Titled Tuesday Blitz February 15 Early 2022"]
[White "Ozkan, Taha"]
[Black "Kobalia, Mikhail"]
[WhiteFideId "34577173"]
[BlackFideId "4119150"]
[WhiteElo "2024"]
[BlackElo "2667"]
[Result "0-1"]
[Round "02"]
[TimeControl "180+1"]
[Date "2022.02.15"]
[WhiteClock "0:01:02"]
[BlackClock "0:01:46"]

1. d4 Nf6 2. c4 g6 3. Nc3 Bg7 4. e4 O-O 5. f3 c6 6. Be3 a6 7. Qd2 b5 8. b3 bxc4 9. bxc4 d5 10. e5 Ne8 11. f4 Nc7 12. c5 a5 13. Nf3 Ba6 14. Bd3 Bxd3 15. Qxd3 f6 16. O-O-O fxe5 17. dxe5 Ne6 18. g3 Nd7 19. Na4 Rb8 20. a3 Rb5 21. Kc2 Ndxc5 22. Nxc5 Nxc5 23. Qc3 Na4 24. Qxc6 Rb2+ 25. Kc1 Qc8 26. Nd4 Qxc6+ 27. Nxc6 Rc8 28. Rd4 Rxc6+ 29. Kd1 Nc3+ 30. Ke1 Re2+ 31. Kf1 Rxe3 0-1


[Site "https://www.chess.com"]

[Event "Titled Tuesday Blitz February 15 Early 2022"]
[White "Papasimakopoulos, Alexandros"]
[Black "Borisova, Ekaterina"]
[WhiteFideId "4244125"]
[BlackFideId "34124184"]
[WhiteElo "2340"]
[BlackElo "2034"]
[Result "0-1"]
[Round "02"]
[TimeControl "180+1"]
[Date "2022.02.15"]
[WhiteClock "0:00:09"]
[BlackClock "0:00:10"]

1. d4 Nf6 2. c4 e6 3. Nc3 Bb4 4. Qc2 d5 5. cxd5 exd5 6. Bg5 c6 7. e3 h6 8. Bh4 O-O 9. Bd3 Re8 10. Nf3 Bd6 11. O-O Bg4 12. Bg3 Bxf3 13. gxf3 a5 14. a3 Na6 15. Rab1 Nc7 16. b4 axb4 17. axb4 Ne6 18. b5 Ra3 19. bxc6 bxc6 20. Ne2 Qd7 21. Bxd6 Qxd6 22. f4 g5 23. f5 Ng7 24. Ra1 Rea8 25. Rxa3 Rxa3 26. Rc1 Ngh5 27. Ng3 Ng4 28. Be2 Nxg3 29. Bxg4 Ne4 30. Qxc6 Qxc6 31. Rxc6 Ra1+ 32. Kg2 Ra2 33. Rc8+ Kg7 34. Rd8 Nxf2 35. Kg3 Ne4+ 36. Kh3 Nf6 37. Bf3 Ra3 38. Bxd5 Rxe3+ 39. Kg2 Nxd5 40. Rxd5 Kf6 41. Kf2 Rh3 42. Kg2 Rd3 43. Kf2 h5 44. Kg2 g4 45. Kf2 h4 46. Kg2 Kg5 47. Kf2 f6 48. Rd8 Kxf5 49. Ke2 Rh3 50. d5 Rxh2+ 51. Ke3 Rh1 52. d6 Rd1 53. d7 h3 54. Ke2 Rd6 55. Ke3 h2 56. Rh8 Rxd7 57. Rh5+ Kg6 58. Rxh2 Ra7 59. Rb2 Ra4 60. Rb5 f5 61. Kf2 Kg5 62. Kg2 Ra3 63. Rb2 Re3 64. Kh2 Kf4 65. Ra2 Kg5 66. Ra5 Rc3 67. Kg2 Re3 68. Kh2 Kf4 69. Ra4+ Re4 70. Ra2 Kg5 71. Ra5 Re6 72. Kg3 Re3+ 73. Kf2 Rb3 74. Kg2 Rb2+ 75. Kg3 Rc2 76. Rb5 Rc3+ 77. Kg2 Kf4 78. Rb4+ Ke5 79. Rb5+ Kf6 80. Rb6+ Kg5 81. Rb5 Rc4 82. Kg3 Re4 83. Ra5 Kf6 84. Ra6+ Re6 85. Ra8 Kg5 86. Rg8+ Rg6 87. Rf8 Rf6 88. Rg8+ Rg6 89. Rf8 Rg7 90. Ra8 Re7 91. Rg8+ Kf6 92. Rf8+ Ke5 93. Ra8 Rd7 94. Re8+ Kf6 95. Rf8+ Kg6 96. Rg8+ Kf7 97. Rg5 Rd3+ 98. Kg2 Kf6 99. Rg8 Ke5 100. Ra8 Rd5 101. Ra4 Kf6 102. Kg3 Kg5 103. Ra3 f4+ 104. Kg2 Rd2+ 105. Kg1 Kh4 106. Rb3 f3 107. Rb1 Kg3 108. Kh1 Rh2+ 109. Kg1 f2+ 110. Kf1 Rh1+ 111. Ke2 Rxb1 112. Ke3 f1=Q 113. Kd2 Qf2+ 114. Kc3 Re1 115. Kd3 Qf3+ 116. Kc4 Re4+ 117. Kc5 Qf5+ 118. Kb6 Re6+ 119. Kc7 Qf7+ 120. Kd8 Re8# 0-1


[Site "https://www.chess.com"]

[Event "Titled Tuesday Blitz February 15 Early 2022"]
[White "Petesch, Gabriel"]
[Black "Daneshvar, Bardiya"]
[WhiteFideId "2032465"]
[BlackFideId "12576468"]
[WhiteElo "2374"]
[BlackElo "2295"]
[Result "0-1"]
[Round "02"]
[TimeControl "180+1"]
[Date "2022.02.15"]
[WhiteClock "0:00:16"]
[BlackClock "0:01:48"]

1. Nf3 g6 2. g3 Bg7 3. Bg2 e5 4. O-O d5 5. d3 Ne7 6. Nc3 O-O 7. Bg5 f6 8. Bd2 Be6 9. e4 d4 10. Ne2 c5 11. c3 Qb6 12. cxd4 cxd4 13. Qa4 Na6 14. Qa3 Nc6 15. Rac1 Rfc8 16. Qd6 Re8 17. Qa3 Bf8 18. Qa4 Rac8 19. a3 Bb3 20. Rxc6 Bxa4 21. Rxb6 axb6 22. Nc1 Rc2 23. b3 Bb5 24. a4 Bd7 25. Ne1 Rxd2 0-1


[Site "https://www.chess.com"]

[Event "Titled Tuesday Blitz February 15 Early 2022"]
[White "Petrosyan, Manuel"]
[Black "Levitskiy, Andrey"]
[WhiteFideId "13300857"]
[BlackFideId "14132885"]
[WhiteElo "2592"]
[BlackElo "2301"]
[Result "1-0"]
[Round "02"]
[TimeControl "180+1"]
[Date "2022.02.15"]
[WhiteClock "0:00:05"]
[BlackClock "0:00:07"]

1. Nf3 c5 2. e3 Nf6 3. b3 g6 4. Bb2 Bg7 5. c4 O-O 6. Nc3 d5 7. cxd5 Nxd5 8. Rc1 Nb4 9. d4 Bg4 10. Be2 cxd4 11. exd4 N8c6 12. O-O Bxf3 13. Bxf3 Qxd4 14. Qe2 Nd3 15. Rcd1 Rad8 16. Na4 Nf4 17. Qb5 Qb4 18. Bxc6 Qxb5 19. Bxb5 a6 20. Bxg7 Kxg7 21. Bd7 b5 22. Nc5 a5 23. Bxb5 Rc8 24. Ne4 Rc2 25. Rd2 Rfc8 26. g3 Ne6 27. Bc4 Rxd2 28. Nxd2 Nc5 29. Kg2 Rd8 30. Nf3 a4 31. Rc1 a3 32. b4 Na4 33. Bb3 Nb2 34. Rc7 Nd3 35. Rxe7 Nxb4 36. Rxf7+ Kh6 37. h4 g5 38. Nxg5 Kg6 39. Rxh7 Rd2 40. Ra7 Nd3 41. Ra6+ Kf5 42. Ra5+ Kf6 43. Ne4+ Ke7 44. Nxd2 1-0


[Site "https://www.chess.com"]

[Event "Titled Tuesday Blitz February 15 Early 2022"]
[White "Petrova, Irina"]
[Black "Al-Tarboush, Ward"]
[WhiteFideId "14124122"]
[BlackFideId "7601450"]
[WhiteElo "1988"]
[BlackElo "2276"]
[Result "0-1"]
[Round "02"]
[TimeControl "180+1"]
[Date "2022.02.15"]
[WhiteClock "0:00:15"]
[BlackClock "0:02:14"]

1. e4 b6 2. d4 Bb7 3. Nc3 e6 4. f3 Nf6 5. Be3 d5 6. e5 Nfd7 7. f4 c5 8. Nf3 Nc6 9. Bd3 Be7 10. Qd2 a6 11. Qf2 Qc7 12. a3 f6 13. exf6 gxf6 14. f5 cxd4 15. fxe6 dxe3 16. exd7+ Qxd7 17. Qh4 O-O-O 18. Qh5 Kb8 19. O-O-O d4 20. Ne2 Rhg8 21. Bf5 Qd5 22. Nexd4 Qa2 23. Nb3 Na5 24. Rxd8+ Rxd8 0-1


[Site "https://www.chess.com"]

[Event "Titled Tuesday Blitz February 15 Early 2022"]
[White "Pires, Marcos Vinicius Torsani"]
[Black "Ovezdurdyyeva, Jemal"]
[WhiteFideId "2118939"]
[BlackFideId "14001888"]
[WhiteElo "2273"]
[BlackElo "1946"]
[Result "1/2-1/2"]
[Round "02"]
[TimeControl "180+1"]
[Date "2022.02.15"]
[WhiteClock "0:00:15"]
[BlackClock "0:00:13"]

1. d4 Nf6 2. Bf4 g6 3. e3 Bg7 4. Nf3 O-O 5. Be2 d6 6. h3 b6 7. O-O Bb7 8. c4 c5 9. d5 Na6 10. Nc3 Nc7 11. a4 a6 12. Bh2 Bc8 13. e4 Rb8 14. Bd3 Bd7 15. e5 Nfe8 16. Re1 b5 17. axb5 axb5 18. exd6 Nxd6 19. cxb5 Ncxb5 20. Qc2 c4 21. Bf1 Nxc3 22. bxc3 Rb3 23. Nd4 Bf5 24. Nxf5 Nxf5 25. Bxc4 Rxc3 26. Qa2 Qc8 27. Rac1 Qc5 28. Rxc3 Bxc3 29. Rc1 Bd4 30. d6 Nxd6 31. Bxf7+ Rxf7 32. Rxc5 Bxf2+ 33. Qxf2 Rxf2 34. Bxd6 exd6 35. Rc8+ Rf8 36. Rc7 Rf7 37. Rc8+ Kg7 38. Rd8 Rf6 39. Rd7+ Kh6 40. g3 g5 41. Kg2 Kg6 42. g4 h5 43. gxh5+ Kxh5 44. Rh7+ Kg6 45. Rd7 Kf5 46. Kg3 Ke6 47. Rd8 Rf4 48. Rg8 Kf5 49. Rd8 Ke5 50. Rg8 Kf5 51. Rd8 Ke5 52. Rg8 Kf5 1/2-1/2


[Site "https://www.chess.com"]

[Event "Titled Tuesday Blitz February 15 Early 2022"]
[White "Polster, Christian"]
[Black "Brunner, Nicolas"]
[WhiteFideId "12965081"]
[BlackFideId "620246"]
[WhiteElo "2295"]
[BlackElo "2372"]
[Result "0-1"]
[Round "02"]
[TimeControl "180+1"]
[Date "2022.02.15"]
[WhiteClock "0:00:02"]
[BlackClock "0:01:04"]

1. e4 e5 2. Nf3 Nc6 3. Bc4 Nf6 4. Ng5 d5 5. exd5 Na5 6. Bb5+ c6 7. dxc6 bxc6 8. Qf3 Be7 9. Bd3 O-O 10. Nc3 h6 11. Nge4 Nd5 12. Ng3 Nb4 13. O-O Nxd3 14. Qxd3 Qxd3 15. cxd3 Rd8 16. Re1 f6 17. b3 Rxd3 18. Bb2 Rxd2 19. Na4 Kf7 20. Rac1 Rd5 21. Ne4 Bf5 22. Nec5 Rad8 23. b4 Rb8 24. Na6 Rb7 25. bxa5 Rxa5 26. Rxc6 Rxa4 0-1


[Site "https://www.chess.com"]

[Event "Titled Tuesday Blitz February 15 Early 2022"]
[White "Poormosavi, Seyed Kian"]
[Black "Lakshmi C"]
[WhiteFideId "12585807"]
[BlackFideId "25035347"]
[WhiteElo "2116"]
[BlackElo "1775"]
[Result "1-0"]
[Round "02"]
[TimeControl "180+1"]
[Date "2022.02.15"]
[WhiteClock "0:01:09"]
[BlackClock "0:00:13"]

1. e4 c5 2. Nf3 Nc6 3. c3 Nf6 4. Qe2 d5 5. e5 Ng8 6. d4 e6 7. g3 Nge7 8. Bh3 Ng6 9. O-O h5 10. Bg5 Be7 11. Bxe7 Qxe7 12. Na3 b6 13. Nb5 O-O 14. Nd6 Bd7 15. Rfe1 h4 16. Bg2 f5 17. Rad1 f4 18. c4 cxd4 19. cxd5 exd5 20. Nxd4 Ncxe5 21. Bxd5+ Be6 22. Bxe6+ Nf7 23. Nxf7 Rxf7 24. Bxf7+ Qxf7 25. Qe6 fxg3 26. Qxf7+ Kxf7 27. fxg3 hxg3 28. hxg3 Rc8 29. Nf5 Rc2 30. Rd7+ Kf6 31. Nxg7 Ne5 32. Rf1+ Kg6 33. Re7 Ng4 34. Ne8 Rxb2 35. Rg7+ Kh5 36. Rf5+ Kh6 37. Rxg4 b5 38. Ng7 Rb1+ 39. Kg2 Rb2+ 40. Kh3 Rxa2 41. Rh5# 1-0


[Site "https://www.chess.com"]

[Event "Titled Tuesday Blitz February 15 Early 2022"]
[White "Popadic, Dragan"]
[Black "Kuzubov, Yuriy"]
[WhiteFideId "913650"]
[BlackFideId "14112906"]
[WhiteElo "2199"]
[BlackElo "2548"]
[Result "0-1"]
[Round "02"]
[TimeControl "180+1"]
[Date "2022.02.15"]
[WhiteClock "0:00:56"]
[BlackClock "0:01:26"]

1. e4 c5 2. Nc3 d6 3. f4 g6 4. Nf3 Bg7 5. Bc4 e6 6. d3 Ne7 7. O-O d5 8. Bb5+ Bd7 9. Bxd7+ Nxd7 10. Qe1 O-O 11. Kh1 Re8 12. Bd2 Nc6 13. e5 f6 14. exf6 Qxf6 15. Qg3 Rac8 16. Nb5 Qf8 17. Bc3 d4 18. Bd2 a6 19. Na3 b5 20. Rae1 Qd6 21. Qh3 Nf6 22. Nb1 Qd5 23. a3 Qf5 24. Qh4 c4 25. Ng5 cxd3 26. cxd3 Qxd3 27. Nxe6 Rxe6 28. Qh3 Qxh3 0-1


[Site "https://www.chess.com"]

[Event "Titled Tuesday Blitz February 15 Early 2022"]
[White "Postnikov, Daniil"]
[Black "Abdrlauf, Elham"]
[WhiteFideId "4166329"]
[BlackFideId "1533533"]
[WhiteElo "2261"]
[BlackElo "2334"]
[Result "0-1"]
[Round "02"]
[TimeControl "180+1"]
[Date "2022.02.15"]
[WhiteClock "0:00:09"]
[BlackClock "0:00:20"]

1. e4 c6 2. d4 d5 3. e5 c5 4. c3 Nc6 5. Be2 cxd4 6. cxd4 Bf5 7. Nf3 e6 8. O-O Nge7 9. Bg5 h6 10. Bh4 g5 11. Bg3 Ng6 12. Nc3 g4 13. Ne1 Qb6 14. Nc2 Qxb2 15. Nb5 Qxc2 16. Nc7+ Kd7 17. Nxa8 Qxd1 18. Rfxd1 Bb4 19. Bd3 Bxd3 20. Rxd3 Rxa8 21. Rb1 b6 22. f3 h5 23. fxg4 hxg4 24. Rf1 Rf8 25. Bf2 Nf4 26. Rb3 a5 27. Kh1 Ne2 28. a3 Nexd4 29. Rg3 Bc5 30. Rxg4 Nf5 31. Bxc5 bxc5 32. Rb1 Kc7 33. Rf4 Nxe5 34. Rb5 Kc6 35. Rxa5 d4 36. g4 Ne3 37. g5 d3 38. Rf2 N5c4 39. Ra6+ Kb7 40. Rd6 Nxd6 41. Rf3 d2 0-1


[Site "https://www.chess.com"]

[Event "Titled Tuesday Blitz February 15 Early 2022"]
[White "Pourkashiyan, Atousa"]
[Black "De Souza Sa, Apolo"]
[WhiteFideId "12502014"]
[BlackFideId "324225390"]
[WhiteElo "2247"]
[BlackElo "1828"]
[Result "0-1"]
[Round "02"]
[TimeControl "180+1"]
[Date "2022.02.15"]
[WhiteClock "0:00:07"]
[BlackClock "0:00:08"]

1. e4 c5 2. Nf3 d6 3. d4 cxd4 4. Nxd4 Nf6 5. Nc3 a6 6. Bc4 e6 7. O-O Be7 8. Bb3 O-O 9. f4 Nbd7 10. Bxe6 fxe6 11. Nxe6 Qb6+ 12. Kh1 Re8 13. Nd5 Nxd5 14. exd5 Nf6 15. f5 Bxe6 16. fxe6 Rf8 17. Bg5 Qxb2 18. Rb1 Qxa2 19. Rxb7 Rae8 20. h3 Qxd5 21. Qxd5 Nxd5 22. Rxf8+ Kxf8 23. Bd2 Bf6 24. c4 Nc3 25. Bf4 Rxe6 26. Rb6 Ne2 27. Bxd6+ Be7 28. c5 Bxd6 29. cxd6 Ke8 30. Rxa6 Rg6 31. g4 Nf4 32. Kh2 Kd7 33. Kg3 Ne6 34. h4 h5 35. g5 Nf8 36. Rb6 Rxd6 37. Rb7+ Ke6 38. Rxg7 Rd7 39. Rg8 Rf7 40. Rh8 Ng6 41. Rh6 Rg7 42. Kf3 Kf5 43. Kg3 Ne5 44. Rh8 Ng6 45. Ra8 Re7 46. Ra5+ Re5 47. Ra6 Re3+ 48. Kf2 Re6 49. Ra5+ Kg4 50. Ra4+ Nf4 51. Rb4 Re2+ 52. Kf1 Rh2 53. g6 Rxh4 54. g7 Rh1+ 55. Kf2 Rh2+ 56. Kf1 Rh1+ 57. Kf2 Rh2+ 58. Ke3 Re2+ 59. Kd4 Re8 0-1


[Site "https://www.chess.com"]

[Event "Titled Tuesday Blitz February 15 Early 2022"]
[White "Praslov, Andrey"]
[Black "Dronavalli, Harika"]
[WhiteFideId "4147863"]
[BlackFideId "5015197"]
[WhiteElo "2379"]
[BlackElo "2382"]
[Result "0-1"]
[Round "02"]
[TimeControl "180+1"]
[Date "2022.02.15"]
[WhiteClock "0:00:09"]
[BlackClock "0:00:53"]

1. d4 Nf6 2. Nf3 d5 3. c4 e6 4. Nc3 Bb4 5. e3 O-O 6. Bd3 dxc4 7. Bxc4 c5 8. O-O cxd4 9. exd4 b6 10. Qe2 Bb7 11. Rd1 h6 12. Ne5 Nc6 13. a3 Bxc3 14. bxc3 Rc8 15. Bd2 Nxe5 16. dxe5 Ne4 17. Bxh6 Qh4 18. Rd4 Qxh6 19. Rxe4 Bxe4 20. Qxe4 Rfd8 21. f4 Qh7 22. Qe2 Qh4 23. g3 Qe7 24. Bd3 Qc5+ 25. Kh1 Qxc3 26. Rd1 Rd5 27. Qe4 g6 28. f5 gxf5 29. Qf4 Qxe5 30. Qg5+ Qg7 31. Qe7 Rcd8 32. Be2 Rxd1+ 0-1


[Site "https://www.chess.com"]

[Event "Titled Tuesday Blitz February 15 Early 2022"]
[White "Przybylski, Wojciech"]
[Black "Soumya, Swaminathan"]
[WhiteFideId "1117599"]
[BlackFideId "5016193"]
[WhiteElo "2133"]
[BlackElo "2115"]
[Result "1-0"]
[Round "02"]
[TimeControl "180+1"]
[Date "2022.02.15"]
[WhiteClock "0:00:10"]
[BlackClock "0:00:02"]

1. e4 c5 2. Nf3 Nc6 3. d4 cxd4 4. Nxd4 Qb6 5. Nb3 Nf6 6. Nc3 e6 7. Be3 Qc7 8. g4 Bb4 9. Bg2 d5 10. exd5 Nxd5 11. Bxd5 exd5 12. Qxd5 O-O 13. O-O-O Be6 14. Qe4 Bxc3 15. bxc3 Rfe8 16. c4 Nb4 17. Qf4 Qc6 18. a3 Bxc4 19. Nc5 Nd5 20. Qxc4 Nxe3 21. fxe3 b6 22. Rhf1 Re7 23. Rd5 bxc5 24. Rxc5 Qe8 25. Rcf5 Rd8 26. Qc5 Rxe3 27. Rxf7 Re1+ 28. Kb2 Rb8+ 29. Kc3 Rxf1 30. Rxf1 Rc8 31. Rf5 Qe3+ 32. Kb4 1-0


[Site "https://www.chess.com"]

[Event "Titled Tuesday Blitz February 15 Early 2022"]
[White "Rakhimgaliyev, Yerlan"]
[Black "parintele_chess"]
[WhiteFideId "13705148"]
[WhiteElo "2261"]
[BlackElo "2202"]
[Result "1-0"]
[Round "02"]
[TimeControl "180+1"]
[Date "2022.02.15"]
[WhiteClock "0:02:14"]
[BlackClock "0:00:48"]

1. e4 e5 2. Nf3 Nc6 3. Bb5 a6 4. Ba4 Nf6 5. O-O Be7 6. Re1 b5 7. Bb3 O-O 8. a4 Bb7 9. d3 d5 10. exd5 Nxd5 11. Nxe5 Nd4 12. Ba2 Bd6 13. Nc3 Nxc3 14. bxc3 Nf5 15. Qg4 g6 16. Bg5 Qc8 17. Bf6 Nh6 18. Qg5 Nf5 19. Nxg6 1-0


[Site "https://www.chess.com"]

[Event "Titled Tuesday Blitz February 15 Early 2022"]
[White "Ratnakaran, K."]
[Black "Skuhala, Barbara"]
[WhiteFideId "5005507"]
[BlackFideId "14605465"]
[WhiteElo "2391"]
[BlackElo "2159"]
[Result "1-0"]
[Round "02"]
[TimeControl "180+1"]
[Date "2022.02.15"]
[WhiteClock "0:01:58"]
[BlackClock "0:01:38"]

1. e4 c5 2. Nf3 d6 3. c3 Nf6 4. h3 e6 5. Bd3 Be7 6. O-O O-O 7. Bc2 b5 8. d4 Bb7 9. Re1 Nbd7 10. Nbd2 Rc8 11. Nf1 Qc7 12. e5 dxe5 13. dxe5 Bxf3 14. gxf3 Nxe5 15. Qe2 Ng6 16. Qxb5 Nf4 17. Qc4 N6d5 18. Re4 e5 19. Kh2 f5 20. Rxf4 exf4 21. Qxd5+ Kh8 22. Bxf5 Rcd8 23. Qe4 Bh4 24. Bxh7 Bxf2 25. Bg6 Bg3+ 26. Kg2 Rf6 27. Nxg3 fxg3 28. Qh4+ Kg8 29. Qh7+ Kf8 30. Qh8+ 1-0


[Site "https://www.chess.com"]

[Event "Titled Tuesday Blitz February 15 Early 2022"]
[White "Redzisz, Michal"]
[Black "De Silva, L M S T"]
[WhiteFideId "21816107"]
[BlackFideId "9953698"]
[WhiteElo "1961"]
[BlackElo "1631"]
[Result "0-1"]
[Round "02"]
[TimeControl "180+1"]
[Date "2022.02.15"]
[WhiteClock "0:00:12"]
[BlackClock "0:00:19"]

1. c4 e5 2. Nc3 Nf6 3. g3 d5 4. cxd5 Nxd5 5. Bg2 Nb6 6. Nf3 Nc6 7. O-O Be7 8. b3 O-O 9. Bb2 f5 10. d3 Be6 11. Rc1 Bf6 12. Nd2 Qd7 13. Nc4 Nxc4 14. dxc4 Qf7 15. Nd5 Bg5 16. f4 exf4 17. gxf4 Bh4 18. Qd3 Rad8 19. Qh3 Be7 20. Kh1 Bc5 21. Rf3 Bd4 22. Bxd4 Nxd4 23. Re3 c6 24. Nb4 Rfe8 25. Nd3 Bd7 26. Ne5 Qe6 27. Rd1 Bc8 28. c5 Qf6 29. Red3 Nxe2 30. Qe3 Rxd3 31. Rxd3 Nxf4 32. Qxf4 Qxe5 33. Qxe5 Rxe5 34. Rd8+ Kf7 35. Rxc8 Re1+ 36. Bf1 Rxf1+ 37. Kg2 Re1 38. Kf3 g5 39. h4 h6 40. Rh8 Kg7 41. Ra8 Re7 42. Rxa7 Kf6 43. h5 g4+ 44. Kf4 Re4+ 45. Kg3 Kg5 46. Rxb7 f4+ 47. Kf2 g3+ 48. Kf3 Re3+ 49. Kg2 Re2+ 50. Kf3 Rf2+ 51. Ke4 g2 52. Rg7+ Kh4 53. a4 f3 54. Ke3 Rf1 55. a5 g1=Q+ 56. Rxg1 Rxg1 57. Kxf3 Rb1 58. b4 Rxb4 0-1


[Site "https://www.chess.com"]

[Event "Titled Tuesday Blitz February 15 Early 2022"]
[White "Reprintsev, Alexander"]
[Black "Zaichenko, Daria"]
[WhiteFideId "14100541"]
[BlackFideId "4197453"]
[WhiteElo "2126"]
[BlackElo "2039"]
[Result "1-0"]
[Round "02"]
[TimeControl "180+1"]
[Date "2022.02.15"]
[WhiteClock "0:01:15"]
[BlackClock "0:00:19"]

1. e4 c5 2. b3 e6 3. Qe2 Ne7 4. Bb2 d5 5. Nf3 d4 6. c3 dxc3 7. Nxc3 Nbc6 8. O-O-O Nd4 9. Nxd4 cxd4 10. Nb5 e5 11. Qc4 Nc6 12. Qd5 Be6 13. Qxd8+ Rxd8 14. Nc7+ Kd7 15. Nxe6 Kxe6 16. Bc4+ Ke7 17. g3 f6 18. f4 g6 19. Rhf1 Bh6 20. Ba3+ Kd7 21. Bd5 Rc8 22. Kb2 d3 23. fxe5 Nxe5 24. Bxb7 Rc2+ 25. Kb1 Rb8 26. Ba6 Rxd2 27. Rxd2 Bxd2 28. Rd1 Rb6 29. Bxd3 Nf3 30. Be2 Rd6 31. Bxf3 1-0


[Site "https://www.chess.com"]

[Event "Titled Tuesday Blitz February 15 Early 2022"]
[White "Riehle, Marco"]
[Black "Sviridov, Valery"]
[WhiteFideId "12904392"]
[BlackFideId "4120680"]
[WhiteElo "2462"]
[BlackElo "2454"]
[Result "0-1"]
[Round "02"]
[TimeControl "180+1"]
[Date "2022.02.15"]
[WhiteClock "0:00:56"]
[BlackClock "0:01:38"]

1. e4 g6 2. d4 Bg7 3. c4 d6 4. Nc3 e5 5. d5 f5 6. exf5 gxf5 7. Qh5+ Kf8 8. f4 Nf6 9. Qe2 e4 10. Bd2 Na6 11. O-O-O Qe7 12. Nh3 Nc5 13. Be3 Nd3+ 14. Kb1 Ng4 15. Bd2 a5 16. Be1 Bd7 17. Ng5 Re8 18. h3 Nxf4 19. Qc2 Ne5 20. h4 h6 21. Ne6+ Nxe6 22. dxe6 Bxe6 23. Nd5 Qf7 24. Bc3 c6 25. Nf4 Bxc4 26. Bxc4 Nxc4 27. Bxg7+ Kxg7 28. Rh3 Rhg8 29. Rg3+ Kh7 30. Rxg8 Rxg8 31. h5 Ne3 32. Qd2 Nxd1 33. Qxd1 d5 34. a4 Rg4 35. Qd2 Qf6 36. g3 Rxg3 37. Qxa5 Rg7 38. Ng6 Rxg6 39. hxg6+ Kxg6 40. Qa8 Qf7 41. a5 f4 42. Qc8 f3 43. Qh3 f2 44. Qf1 e3 45. Ka2 e2 46. Qxe2 f1=Q 47. Qg4+ Kh7 0-1


[Site "https://www.chess.com"]

[Event "Titled Tuesday Blitz February 15 Early 2022"]
[White "Rodchenkov, Sergey D."]
[Black "Deuer, Marius"]
[WhiteFideId "4168712"]
[BlackFideId "16236432"]
[WhiteElo "2306"]
[BlackElo "2091"]
[Result "0-1"]
[Round "02"]
[TimeControl "180+1"]
[Date "2022.02.15"]
[WhiteClock "0:00:11"]
[BlackClock "0:00:07"]

1. e4 e5 2. Nf3 Nc6 3. Bc4 Bc5 4. d3 Nf6 5. O-O d6 6. c3 a6 7. Bb3 Ba7 8. h3 h6 9. Nbd2 g5 10. Nh2 Rg8 11. Kh1 g4 12. hxg4 Nxg4 13. Qf3 Qe7 14. d4 Nxh2 15. Kxh2 Bg4 16. Qd3 exd4 17. Nf3 dxc3 18. Bd5 Ne5 19. Nxe5 Qxe5+ 20. Qg3 Qh5+ 21. Kg1 O-O-O 22. Qh2 Bh3 23. g3 Qg4 24. Re1 Qxg3+ 25. Qxg3 Rxg3+ 26. Kh2 Rf3 27. Be3 Bxe3 28. Rxe3 Rxe3 29. fxe3 cxb2 30. Rb1 Be6 31. Rxb2 Rf8 32. Bb3 Bxb3 33. axb3 Kd7 34. Kg3 Re8 35. Kf4 Re6 36. Rh2 Ke7 37. Rh5 c5 38. Rd5 b5 39. Rd1 h5 40. Ra1 Rf6+ 41. Kg3 d5 42. exd5 Rd6 43. e4 f5 44. Kf4 fxe4 45. Kxe4 h4 46. Rh1 Rh6 47. Ke5 a5 48. Rg1 Rh5+ 49. Ke4 a4 50. bxa4 bxa4 51. Ra1 h3 52. Rh1 h2 53. Kf4 a3 54. Kg4 Rh8 55. Kg3 a2 56. Rxh2 Rxh2 57. Kxh2 a1=Q 0-1


[Site "https://www.chess.com"]

[Event "Titled Tuesday Blitz February 15 Early 2022"]
[White "Rodchenkov, Vitaly"]
[Black "Kovanova, Baira"]
[WhiteFideId "4152964"]
[BlackFideId "4164083"]
[WhiteElo "2337"]
[BlackElo "2190"]
[Result "1-0"]
[Round "02"]
[TimeControl "180+1"]
[Date "2022.02.15"]
[WhiteClock "0:01:05"]
[BlackClock "0:00:05"]

1. Nf3 d5 2. c4 e6 3. b3 Nf6 4. Bb2 Be7 5. e3 b6 6. Nc3 Bb7 7. d4 O-O 8. Bd3 c5 9. O-O cxd4 10. exd4 dxc4 11. bxc4 Nc6 12. Qe2 Rc8 13. Rad1 Na5 14. Ne5 Qc7 15. Rfe1 a6 16. d5 exd5 17. Nxd5 Nxd5 18. cxd5 Bd6 19. Qh5 g6 20. Qh6 f6 21. Ng4 Qg7 22. Re6 Bc5 23. Qxg7+ Kxg7 24. Nxf6 Kf7 25. Nxh7 Rfe8 26. Ng5+ Kf8 27. Bxg6 Rxe6 28. Nxe6+ Ke7 29. h4 Bd6 30. h5 Nc4 31. Bc1 Ne5 32. Bg5+ Kd7 33. Bf5 Rg8 34. f4 Nf7 35. Nc5+ Kc7 36. Nxb7 Kxb7 37. Be6 Rg7 38. Bxf7 Rxf7 39. g3 b5 40. Kg2 a5 41. Kf3 a4 42. Ke4 b4 43. h6 Kb6 44. Rh1 Re7+ 45. Kf5 Rh7 46. Kg6 Rh8 47. h7 Rb8 48. Bf6 1-0


[Site "https://www.chess.com"]

[Event "Titled Tuesday Blitz February 15 Early 2022"]
[White "Ronka, Erik"]
[Black "Einarsson, Halldor Gretar"]
[WhiteFideId "505080"]
[BlackFideId "2300150"]
[WhiteElo "2264"]
[BlackElo "2114"]
[Result "1-0"]
[Round "02"]
[TimeControl "180+1"]
[Date "2022.02.15"]
[WhiteClock "0:00:38"]
[BlackClock "0:00:20"]

1. d4 Nf6 2. Nf3 g6 3. g3 Bg7 4. Bg2 O-O 5. O-O d6 6. b3 c6 7. Bb2 Qa5 8. Nbd2 Qh5 9. Re1 Bh3 10. e4 Bxg2 11. Kxg2 Nbd7 12. Qe2 e5 13. dxe5 Ng4 14. h3 Ngxe5 15. Nxe5 Qxe2 16. Rxe2 dxe5 17. Nc4 Rfe8 18. Rd1 Re7 19. Red2 Nc5 20. f3 Kf8 21. Ba3 b6 22. Bxc5 bxc5 23. Rd6 Rc7 24. Na5 Rac8 25. R6d3 Ke7 26. Rc3 f5 27. Rxc5 fxe4 28. fxe4 Ke6 29. Rc3 Bf8 30. Nc4 Bb4 31. Rcd3 Bc5 32. c3 a6 33. Nd2 Rf8 34. Nf3 Rcf7 35. Ng5+ Ke7 36. Rd7+ Ke8 37. Nxf7 Rxf7 38. Rxf7 Kxf7 39. Rd7+ Ke6 40. Rxh7 Be3 41. Kf3 Bd2 42. c4 a5 43. Rg7 Kf6 44. Rc7 1-0


[Site "https://www.chess.com"]

[Event "Titled Tuesday Blitz February 15 Early 2022"]
[White "Rostovtsev, Dmitry"]
[Black "Shuvalov, Evgenij"]
[WhiteFideId "34278320"]
[BlackFideId "4187237"]
[WhiteElo "2218"]
[BlackElo "2119"]
[Result "1-0"]
[Round "02"]
[TimeControl "180+1"]
[Date "2022.02.15"]
[WhiteClock "0:00:20"]
[BlackClock "0:00:04"]

1. e4 e6 2. d4 d5 3. Nc3 Bb4 4. Qd3 dxe4 5. Qxe4 Nf6 6. Qh4 Nbd7 7. Nf3 Be7 8. Bg5 c5 9. O-O-O Qa5 10. Bc4 cxd4 11. Rxd4 h6 12. Kb1 a6 13. Rhd1 b5 14. Bb3 b4 15. Ne4 O-O 16. Rxd7 Bxd7 17. Nxf6+ Bxf6 18. Bxf6 Bc6 19. Qg4 g6 20. Ne5 Kh7 21. Nxc6 Qc7 22. Ne5 a5 23. Qf4 a4 24. Rd3 axb3 25. Qxh6+ Kxh6 26. Rh3# 1-0


[Site "https://www.chess.com"]